 Dungeon Crawl Stone Soup version 0.26.0-10-g1f06aea511 (webtiles) character file.

Game seed: 2223092188556310783

1596 Frank the Cudgeller (level 8, -5/58 HPs)
             Began as an Octopode Fighter on Jan 18, 2021.
             Slain by an ice beast (12 damage)
             ... on level 6 of the Dungeon.
             The game lasted 00:06:59 (7284 turns).

Frank the Cudgeller (Octopode Fighter)              Turns: 7284, Time: 00:07:00

Health: -5/58      AC:  1    Str: 23    XL:     8   Next: 93%
Magic:  8/8        EV: 14    Int: 10    God:
Gold:   182        SH: 10    Dex: 14    Spells: 7/7 levels left

rFire    + . .     SeeInvis .   a - +0 flail
rCold    x . .     Faith    .   b - +0 kite shield
rNeg     + . .     Spirit   .   (helmet restricted)
rPois    .         Reflect  .   (no amulet)
rElec    .         Harm     .   d - ring of resist corrosion
rCorr    +         Rampage  .   k - ring of flight
Will     .....                  s - ring of willpower
Stlth    ++........             (no ring)
HPRegen  0.19/turn              B - ring of the Smoking Pariah {rF+ rC- rN+ Will- Str+8}
MPRegen  0.11/turn              (no ring)
                                (no ring)
                                (no ring)

@: about to teleport
A: almost no armour, stealthy swim, amphibious, 8 rings, constrict 8, camouflage
1, gelatinous body 1
a: Evoke Flight


You were on level 6 of the Dungeon.
You visited 1 branch of the dungeon, and saw 9 of its levels.

You collected 346 gold pieces.
You spent 164 gold pieces at shops.

Inventory:

Hand Weapons
 a - a +0 flail (weapon)
Armour
 b - a +0 kite shield (worn)
Jewellery
 d - a ring of resist corrosion (left tentacle)
 k - a ring of flight (right tentacle)
 s - a ring of willpower (on tentacle)
 B - the ring of the Smoking Pariah (on tentacle) {rF+ rC- rN+ Will- Str+8}
   (You found it on level 5 of the Dungeon)

   [ring of protection from fire]

   It affects your strength (+8).
   It protects you from fire.
   It makes you vulnerable to cold.
   It protects you from negative energy.
   It affects your willpower, your defense against some magical effects.
Wands
 c - a wand of flame (16)
 v - a wand of paralysis (12)
Scrolls
 g - 8 scrolls of identify
 i - a scroll of remove curse
 o - 4 scrolls of magic mapping
 t - a scroll of enchant armour
 u - a scroll of enchant weapon
Potions
 e - 5 potions of curing
 f - a potion of brilliance {unknown}
 h - a potion of lignification {unknown}
 j - 2 potions of heal wounds
 m - a potion of flight {unknown}
 n - a potion of mutation {unknown}
 q - a potion of resistance {unknown}
 z - a potion of berserk rage
 A - a potion of attraction
 C - a potion of magic {unknown}


   Skills:
 * Level 6.6 Fighting
 + Level 7.0 Maces & Flails
 + Level 5.2 Dodging
 + Level 5.3 Shields


You had 7 spell levels left.
You didn't know any spells.
Your spell library contained the following spells:

 Spells                   Type           Power        Failure   Level
 Corona                   Hex            0%           78%         1
 Ensorcelled Hibernation  Hex/Ice        0%           89%         2
 Confusing Touch          Hex            0%           98%         3
 Dazzling Flash           Conj/Hex       0%           98%         3
 Tukima's Dance           Hex            0%           98%         3


Dungeon Overview and Level Annotations

Branches:
Dungeon (9/15)             Temple (0/1) D:4
   Lair: D:8-11         Orc: D:9-12

Altars:
Fedhas
Makhleb
Qazlal
Xom
The Shining One

Shops:
D:4 ?!?(   D:6 *


Innate Abilities, Weirdness & Mutations

You cannot wear most types of armour.
You are very stealthy in the water. (Stealth+)
You are amphibious.
You can wear up to eight rings at the same time.
You can use your tentacles to constrict eight enemies at once.
Your skin changes colour to match your surroundings (Stealth+).
Your rubbery body absorbs attacks. (AC +1, EV +1)


Message History

You are too injured to fight recklessly!
You are too injured to fight recklessly!
You are too injured to fight recklessly!
An ice beast is nearby!
You barely miss the ice beast.
You squeeze the ice beast, but do no damage.
The ice beast is severely wounded.
The ice beast hits you. The ice beast freezes you!!
You feel a terrible chill!
* * * LOW HITPOINT WARNING * * *
You feel much better. The ice beast hits you. The ice beast freezes you!!
You feel a terrible chill!
* * * LOW HITPOINT WARNING * * *
You feel much better. The ice beast hits you. The ice beast freezes you!
You feel a terrible chill!
* * * LOW HITPOINT WARNING * * *
As you read the scroll of teleportation, it crumbles to dust.
You feel strangely unstable. The ice beast hits you.
* * * LOW HITPOINT WARNING * * *
The ice beast freezes you!
You feel a terrible chill!
You die...

###
#######.#
#.@.....#
#Y#####.####
#.# #....##
#.# #.##..#
#.# #.###'##
... #.##...#
... #..#.∩.#
... ####...#
..... ##÷##


You could see an ice beast.

Vanquished Creatures
  Duvessa (D:5)
  2 water moccasins (D:6)
  A sky beast (D:5)
  2 black bears
  An ogre (D:8)
  An orc warrior (D:6)
  The ghost of Raspi the Slasher, an amateur TeGl (D:3)
  Blork the orc (D:5)
  Dowan (D:5)
  A howler monkey (D:7)
  A centaur zombie (D:5)
  2 hounds (D:4)
  A jelly (D:6)
  An orc priest (D:4)
  Crazy Yiuf (D:2)
  Natasha (twice) (D:2)
  An iguana (D:7)
  4 worker ants
  A hound zombie (D:6)
  5 gnolls
  9 adders
  2 oozes
  2 dart slugs
  3 worms
  5 leopard geckos
  4 orcs (D:4)
  6 giant cockroaches
  7 goblins
  7 hobgoblins
  4 jackals
  3 quokkas
  4 ball pythons
  2 bats (D:1)
  8 frilled lizards
  8 kobolds
  2 leopard gecko skeletons (D:4)
  3 rats
110 creatures vanquished.

Notes
Turn   | Place    | Note
-------+----------+-------------------------------------------
     0 | D:1      | Frank the Octopode Fighter began the quest for the Orb.
     0 | D:1      | Reached XP level 1. HP: 16/16 MP: 1/1
   190 | D:1      | Reached XP level 2. HP: 21/21 MP: 2/2
   539 | D:1      | Reached XP level 3. HP: 19/26 MP: 3/3
  1675 | D:2      | Noticed Natasha
  1679 | D:2      | Killed Natasha
  1680 | D:2      | Reached XP level 4. HP: 17/33 MP: 4/4
  2193 | D:2      | Found a runed translucent door.
  2194 | D:2      | Noticed Crazy Yiuf
  2395 | D:2      | Noticed Natasha
  2400 | D:2      | Killed Natasha
  2401 | D:2      | Reached skill level 3 in Maces & Flails
  2624 | D:2      | Killed Crazy Yiuf
  2625 | D:2      | Reached XP level 5. HP: 37/37 MP: 5/5
  2993 | D:3      | Found a faded altar of an unknown god.
  3508 | D:3      | Found a runed translucent door.
  3525 | D:3      | Noticed Raspi's ghost (amateur TeGl)
  3704 | D:3      | Killed Raspi's ghost
  3705 | D:3      | Reached skill level 4 in Maces & Flails
  3705 | D:3      | Reached XP level 6. HP: 13/44 MP: 6/6
  4302 | D:4      | Found a staircase to the Ecumenical Temple.
  4312 | D:4      | Found a burning altar of Makhleb.
  4316 | D:4      | Found a blossoming altar of Fedhas.
  4638 | D:4      | Reached XP level 7. HP: 47/49 MP: 7/7
  4662 | D:4      | Found a shimmering altar of Xom.
  5054 | D:4      | Found Jofufad's Distillery.
  5060 | D:4      | Found Didenn's Magic Scroll Shoppe.
  5061 | D:4      | Found Ninlelibbi's Magic Scroll Shoppe.
  5062 | D:4      | Found Pyunov's Antique Weapon Shoppe.
  5068 | D:4      | Bought a scroll of enchant armour for 82 gold pieces
  5068 | D:4      | Bought a scroll of enchant weapon for 82 gold pieces
  5186 | D:5      | Entered Level 5 of the Dungeon
  5186 | D:5      | Noticed an air elemental
  5188 | D:5      | Found a stormy altar of Qazlal.
  5189 | D:5      | Noticed a fire elemental
  5189 | D:5      | Noticed a water elemental
  5210 | D:5      | Reached skill level 5 in Fighting
  5210 | D:5      | Reached skill level 5 in Maces & Flails
  5610 | D:5      | Noticed Duvessa
  5610 | D:5      | Noticed Dowan
  5627 | D:5      | Killed Duvessa
  5628 | D:5      | Killed Dowan
  5785 | D:5      | Noticed Blork the orc
  5793 | D:5      | Killed Blork the orc
  5830 | D:5      | Got a slimy pewter ring
  6147 | D:5      | Identified the ring of the Smoking Pariah {rF+ rC- rN+
                  | Will- Str+8} (You found it on level 5 of the Dungeon)
  6190 | D:6      | Reached XP level 8. HP: 54/56 MP: 8/8
  6208 | D:6      | Found a glowing golden altar of the Shining One.
  6272 | D:6      | Reached skill level 6 in Maces & Flails
  6608 | D:6      | You fall into a shaft and drop 3 floors!
  6663 | D:8      | Reached skill level 5 in Shields
  6810 | D:7      | Reached skill level 5 in Dodging
  7019 | D:6      | Found Gosmef's Serpentskin Sales.
  7026 | D:6      | Reached skill level 7 in Maces & Flails
  7280 | D:6      | HP: 2/58 [ice beast (18)]
  7284 | D:6      | Slain by an ice beast

Illustrated notes

Levels and vault maps discovered:
D:1:      ncdulo_watergridlock, layout_basic
D:2:      layout_loops_corners, uniq_natasha, uniq_crazy_yiuf_cottage
D:3:      layout_basic, chequers_ecumenical_altar_simple,
          ebering_ghost_reflecting_pool
D:4:      layout_basic, tgw_xom, grunt_temple_overflow_open,
          minmay_temple_entry_large_hall, minmay_shop_grid_forest,
          chequers_serial_rivers_micro_a, minmay_vboxes
D:5:      lemuel_ice_spiral_2, layout_basic, minmay_hedge_maze, nicolae_sextant,
          ebering_dispersal_statue_hall, nicolae_qazlal_style_of_elements,
          uniq_blork_the_orc, uniq_duvessa
D:6:      layout_basic, kennysheep_little_box, basic_altar, st_stairs_9,
          minmay_liquid_box, kennysheep_cross_bottleneck, guppyfry_shop_venom,
          uniq_maggie, uniq_sigmund, uniq_edmund
D:7:      minmay_opposing_rooms, layout_layer_cave, lemuel_crystal_altar,
          lemuel_zombie_altar_yredelemnul, ebering_ghost_xom, uniq_menkaure,
          uniq_pikel, uniq_joseph
D:8:      layout_loops_ring
D:9:      layout_loops_corners, erik_orc_2, ebering_ghost_funeral_grove

Skill      XL: |  1  2  3  4  5  6  7  8 |
---------------+-------------------------+-----
Fighting       | 4 5 6 |  6.6
Maces & Flails | 3 4 5 7 |  7.0
Shields        | 4 5 |  5.3
Dodging        | 4 5 |  5.2

Action                   |  1- 3 |  4- 6 |  7- 9 || total
-------------------------+-------+-------+-------++-------
Melee: Flail             |    53 |   107 |    99 ||   259
       Tentacles         |    11 |    21 |    36 ||    68
       Constrict         |    12 |    26 |    20 ||    58
  Use: Scroll            |     3 |     2 |     4 ||     9
       Potion            |       |     5 |     5 ||    10
 Stab: Sleeping          |    10 |     8 |     9 ||    27
Armor: Skin              |     4 |     4 |     1 ||     9
Dodge: Dodged            |    26 |    43 |    42 ||   111
Block: Kite shield       |    12 |    58 |    50 ||   120
